Close game, both sides down to within 30 VPs

Match 36860165
End
Scout Squad
Selects Armored Battlegroup
Selects Assault Engineers
Assault Engineer Squad
Assault Engineer Squad
Construct Barracks
Assault Engineer Squad
Riflemen Squad
Grenade Package
Mechanized Support Center
Scout Squad
Riflemen Squad
Selects Fast Deploy
Construct Tank Depot
Selects Seek and Destroy
Selects UNKNOWN (2160077)
M4A3E8 Sherman Easy Eight
Designate Forward Repair Station
Riflemen Squad
M4A3E8 Sherman Easy Eight
Seek and Destroy
Improvised Armor
Selects Field Repairs
Selects War Machine
M4A3E8 Sherman Easy Eight
Assault Engineer Squad
Assault Engineer Squad
M4A3E8 Sherman Easy Eight
Riflemen Squad
Assault Engineer Squad
Assault Engineer Squad
Scout Squad
M4A3E8 Sherman Easy Eight
Field Repairs
Designate Forward Repair Station
Field Repairs
M4A3E8 Sherman Easy Eight
M4A3E8 Sherman Easy Eight
Designate Forward Repair Station
MrMisrulent
PHANTOMSP104
LanceCriminal619
MoriMusic
0
0

Comments sign in to comment!

No comments posted yet!